General information
			
			
        
        - name: BNet
 
        - type: Ladder 1vs1/FFA
 
        - host: Battle.net
 
        - saver: b0lt
 
        
map: MeltingValley 
        - players: 2
 
        - length: 07:22
 
        - speed: Fast
 - version: 1.22 W3XP
 - replay type:  Public
 
» download(23 KB)
Players
        team 1 (loser) 
              
              
» 
Di.cksOnMyFace (
purple | 67 APM | 488 actions | 07:19)
              
 2 Demon Hunter 
 1 Mana Burn
 1 Evasion
 
                » actions 
                
                | Assign group hotkey | 8 |  | 
| Basic commands | 6 |  | 
| Build / train | 29 |  | 
| ESC pressed | 6 |  | 
| Enter build submenu | 8 |  | 
| Enter hero's abilities submenu | 2 |  | 
| Remove unit from queue | 3 |  | 
| Right click | 246 |  | 
| Select / deselect | 106 |  | 
| Select group hotkey | 50 |  | 
| Use ability | 24 |  | 
                488 total
 » units 
                » buildings
                
                | Altar of Elders | 1 |  | 
| Moon Well | 3 |  | 
| Ancient of War | 2 |  | 
| Tree of Ages | 3 |  | 
| Hunter's Hall | 1 |  | 
| Ancient of Wonders | 1 |  | 
                11 total
 » build order
                00:03 Altar of Elders
00:14 Moon Well
00:38 Ancient of War
01:34 Moon Well
03:02 Moon Well
03:18 Tree of Ages
03:18 Tree of Ages
04:09 Hunter's Hall
04:15 Ancient of Wonders
06:24 Ancient of War
» items
                 
               team 2 (winner) 
              
              
b0lt (
yellow | 93 APM | 685 actions | 07:22)
              
 2 Priestess of the Moon 
 1 Searing Arrows
 1 Trueshot Aura
 
                » actions 
                
                | Assign group hotkey | 41 |  | 
| Build / train | 22 |  | 
| ESC pressed | 3 |  | 
| Enter build submenu | 14 |  | 
| Enter hero's abilities submenu | 2 |  | 
| Right click | 400 |  | 
| Select / deselect | 110 |  | 
| Select group hotkey | 71 |  | 
| Use ability | 22 |  | 
                685 total
 » units 
                » buildings
                
                | Altar of Elders | 1 |  | 
| Moon Well | 4 |  | 
| Ancient of War | 4 |  | 
| Hunter's Hall | 2 |  | 
                11 total
 » build order
                00:08 Altar of Elders
00:18 Moon Well
01:39 Ancient of War
01:42 Hunter's Hall
01:44 Hunter's Hall
01:53 Moon Well
02:14 Ancient of War
03:03 Moon Well
05:34 Moon Well
06:20 Ancient of War
06:21 Ancient of War
 
                Chat log
          
(07:16 / All) Di.cksOnMyFace: ur fucking terrible
(07:17 / All) Di.cksOnMyFace: gg
(07:18 / All) b0lt: lol
(07:18 / All) Di.cksOnMyFace: ROFL